 Dungeon Crawl Stone Soup version 0.24.1-8-ga250c9d538 (webtiles) character file.

Game seed: 8248592704885746194, levelgen mode: deterministic

55531 Curus the Carver (level 14, -1/122 HPs)
             Began as a Minotaur Fighter on May 8, 2020.
             Was the Champion of Makhleb.
             Splashed by an oklob plant's acid (13 damage)
             ... on level 5 of the Lair of Beasts.
             The game lasted 01:07:25 (16757 turns).

Curus the Carver (Minotaur Fighter)                Turns: 16757, Time: 01:07:25

Health: -1/122     AC:  8    Str: 25    XL:     14   Next: 38%
Magic:  23/23      EV:  6    Int:  9    God:    Makhleb [******]
Gold:   927        SH: 16    Dex: 17    Spells: 13/13 levels left

rFire    . . .     SeeInvis .   o - +3 scimitar (elec)
rCold    . . .     Gourm    .   c - +3 shield
rNeg     . . .     Faith    .   g - +5 plate armour
rPois    +         Spirit   .   (helmet restricted)
rElec    .         Reflect  .   q - +0 cloak
rCorr    .         Harm     .   e - +0 pair of gloves
MR       +....                  G - +0 pair of boots
Stlth    ..........             (no amulet)
HPRegen  0.30/turn              s - ring of poison resistance
MPRegen  0.18/turn              B - +4 ring of strength

@: corroded
A: retaliatory headbutt, horns 2, agile 2, clever 1
a: Minor Destruction, Lesser Servant of Makhleb, Major Destruction, Greater
Servant of Makhleb, Renounce Religion


You were on level 5 of the Lair of Beasts.
You worshipped Makhleb.
Makhleb was exalted by your worship.
You were not hungry.

You visited 3 branches of the dungeon, and saw 18 of its levels.

You collected 1251 gold pieces.
You spent 324 gold pieces at shops.

Inventory:

Hand Weapons
 a - a +1 long sword
 o - a +3 scimitar of electrocution (weapon)
Armour
 b - a +0 scale mail
 c - a +3 shield (worn)
 e - a +0 pair of gloves (worn)
 g - a +5 plate armour (worn)
 q - a +0 cloak (worn)
 G - a +0 pair of boots (worn)
Jewellery
 j - an uncursed ring of attention
 s - a ring of poison resistance (left hand)
 B - a +4 ring of strength (right hand)
Wands
 m - a wand of acid (25)
 x - a wand of iceblast (24)
 y - a wand of random effects (14)
 D - a wand of paralysis (14)
 E - a wand of flame (28)
 F - a wand of polymorph (13)
Scrolls
 i - 17 scrolls of identify
 l - 14 scrolls of remove curse
 n - 3 scrolls of vulnerability
 p - 10 scrolls of teleportation
 t - a scroll of blinking
 v - 5 scrolls of fear
 w - 2 scrolls of fog
 z - 2 scrolls of amnesia
 H - a scroll of holy word
Potions
 d - 6 potions of might
 h - 3 potions of lignification
 k - a potion of cancellation
 r - 6 potions of curing
 u - 5 potions of haste
 A - 3 potions of agility
 C - 3 potions of brilliance
 I - a potion of heal wounds
Comestibles
 f - 47 rations


   Skills:
 + Level 10.5 Fighting
 - Level 14.0 Long Blades
 + Level 10.5 Armour
 - Level 10.1 Shields
 - Level 13.5 Invocations
 - Level 10.6 Evocations


You had 13 spell levels left.
You didn't know any spells.
Your spell library contained the following spells:

 Spells                   Type           Power        Failure   Level  Hunger
 Beastly Appendage        Tmut           #.....       100%        1    ##.....
 Sticks to Snakes         Tmut           #.......     100%        2    ###....
 Recall                   Summ/Tloc      N/A          100%        3    ####...
 Spider Form              Tmut/Pois      #.........   100%        3    ####...
 Ice Form                 Ice/Tmut       #.......     100%        4    #####..
 Aura of Abjuration       Summ           #.........   100%        5    ######.
 Blade Hands              Tmut           #.........   100%        5    ######.
 Summon Demon             Summ           #.........   100%        5    ######.
 Summon Forest            Summ/Tloc      #.........   100%        5    ######.
 Summon Mana Viper        Hex/Summ       #.......     100%        5    ######.
 Shadow Creatures         Summ           N/A          100%        6    #######


Dungeon Overview and Level Annotations

Branches:
Dungeon (12/15)            Temple (0/1) D:7            Lair (5/6) D:9
  Swamp (0/4) Lair:4        Snake (0/4) Lair:2        Slime (0/5) Lair:5
    Orc (1/2) D:12

Altars:
Cheibriados
Dithmenos
Elyvilon
Fedhas
Kikubaaqudgha
Makhleb
Nemelex Xobeh
Okawaru
Sif Muna
Trog
Uskayaw
Yredelemnul
Zin
The Shining One

Shops:
Orc:1 !

Annotations:
Lair:5 exclusion: 4 oklob plants


Innate Abilities, Weirdness & Mutations

You reflexively headbutt those who attack you in melee.
You have a pair of horns on your head.
You are very agile. (Dex +4)
Your mind is acute. (Int +2)


Message History

The oklob plant is heavily damaged.
The oklob plant spits acid at you. You block the splash of acid.
You hit the oklob plant but do no damage.
You headbutt the oklob plant.
The oklob plant is heavily damaged.
You hit the oklob plant but do no damage.
The oklob plant is heavily damaged.
The oklob plant spits acid at you. The splash of acid hits you.
The acid corrodes you!
You are splashed with acid!
* * * LOW HITPOINT WARNING * * *
The oklob plant spits acid at you. The splash of acid hits you!
* * * LOW HITPOINT WARNING * * *
The acid corrodes you!
You are splashed with acid!
* * * LOW HITPOINT WARNING * * *
The oklob plant spits acid at you.
The splash of acid hits you but does no damage.
You are splashed with acid!
You die...

...P..### #.#..##.### ##......#.
........# #.........###....P####
........####........###...#####.#
........P..#........##...........
............#...............<...)
.................................
>.........##..........+..........
.........##.........P#...........
........#.#.....@...##.##..#..P..
##..#P######PPP.P#(############P#
#.##### #.$$.P### ### .## #[P.[.#
## #$..$?# #$..$[# #..PP%#
#######


You could see 4 oklob plants.

Vanquished Creatures
  2 hydras
  Harold (D:7)
  4 two-headed ogres
  7 death yaks
  Urug (Lair:2)
  An unseen horror (D:11)
  A lindwurm (Lair:4)
  Pikel (D:6)
  An ugly thing (D:10)
  A deep elf mage (D:12)
  2 oklob plants (Lair:1)
  3 black mambas
  20 elephants
  Joseph (D:7)
  Psyche (D:11)
  10 spiny frogs
  A gargoyle (D:12)
  2 rime drakes
  5 komodo dragons
  4 trolls
  A polar bear (Lair:5)
  A queen bee (Lair:5)
  2 meliai (Lair:5)
  A hornet (Lair:3)
  14 blink frogs
  Prince Ribbit (D:8)
  A bog body (Lair:4)
  11 hippogriffs
  A meliai zombie (D:12)
  28 yaks
  3 vampires
  A spriggan (Lair:2)
  Sigmund (D:5)
  2 humans (D:12)
  2 basilisks
  4 wyverns
  4 hogs (D:12)
  A hungry ghost (D:10)
  A steam dragon (D:11)
  5 wargs
  4 swamp worms (Lair:4)
  8 water moccasins
  7 porcupines
  11 orc warriors
  5 sky beasts
  4 slaves (D:6)
  2 phantoms
  2 ice beasts
  2 black bears
  2 necrophages
  11 wolves
  12 centaurs
  5 ogres
  11 crocodiles
  3 big kobolds
  13 bullfrogs
  A gnoll sergeant (D:10)
  A wyvern zombie (D:9)
  A scorpion (D:5)
  25 killer bees
  3 electric eels
  4 wights (D:9)
  9 howler monkeys
  4 crimson imps
  4 quasits
  2 bullfrog zombies
  3 jellies
  Crazy Yiuf (D:5)
  A centaur skeleton (D:2)
  5 hounds
  3 bullfrog skeletons
  A gnoll shaman (D:5)
  9 orc priests
  22 orc wizards
  Terence (D:3)
  12 worker ants
  A killer bee zombie (D:8)
  3 hound skeletons
  2 worker ant zombies
  8 gnolls
  25 adders
  5 oozes
  An adder zombie (D:6)
  4 worms
  A dart slug (D:2)
  5 leopard geckos
  69 orcs
  13 bats
  4 giant cockroaches
  12 goblins
  9 hobgoblins
  7 jackals
  17 kobolds
  4 quokkas
  2 frilled lizards (D:4)
  A goblin skeleton (D:7)
  3 goblin zombies (D:7)
  2 hobgoblin zombies (D:7)
  2 orc zombies (D:7)
  A quokka skeleton (D:4)
  A quokka zombie (D:5)
  4 rats
574 creatures vanquished.

Vanquished Creatures (collateral kills)
  A dire elephant (Lair:2)
  A hydra (Lair:3)
  2 death yaks (Lair:2)
  A black mamba (Lair:2)
  2 elephants (Lair:2)
  3 spiny frogs
10 creatures vanquished.

Vanquished Creatures (others)
  33 fungi
  7 plants
40 creatures vanquished.

Grand Total: 624 creatures vanquished

Notes
Turn   | Place    | Note
-------+----------+-------------------------------------------
     0 | D:1      | Curus the Minotaur Fighter began the quest for the Orb.
     0 | D:1      | Reached XP level 1. HP: 19/19 MP: 0/0
    94 | D:1      | Reached skill level 3 in Long Blades
   103 | D:1      | Reached XP level 2. HP: 26/26 MP: 1/1
   468 | D:1      | Reached skill level 4 in Long Blades
   726 | D:2      | Found a burning altar of Makhleb.
   731 | D:2      | Found a glowing silver altar of Zin.
   731 | D:2      | Noticed an angel
   731 | D:2      | Noticed a blizzard demon
   736 | D:2      | Became a worshipper of Makhleb the Destroyer
   757 | D:2      | Reached XP level 3. HP: 31/31 MP: 2/2
   765 | D:2      | Reached skill level 5 in Long Blades
   842 | D:2      | Found a bloodstained altar of Trog.
   997 | D:2      | Reached XP level 4. HP: 33/39 MP: 3/3
  1166 | D:2      | Found a faded altar of an unknown god.
  1543 | D:3      | Found a shadowy altar of Dithmenos.
  1558 | D:3      | Noticed Terence
  1578 | D:3      | Killed Terence
  1578 | D:3      | Reached skill level 6 in Long Blades
  1591 | D:3      | Reached XP level 5. HP: 29/45 MP: 4/4
  1626 | D:3      | Reached * piety under Makhleb
  1664 | D:3      | Found an iron altar of Okawaru.
  1665 | D:3      | Found a shimmering blue altar of Sif Muna.
  1667 | D:3      | Found an ancient bone altar of Kikubaaqudgha.
  2093 | D:3      | Reached skill level 7 in Long Blades
  2516 | D:4      | Noticed a phantom
  2539 | D:4      | Killed a phantom
  2539 | D:4      | Reached skill level 8 in Long Blades
  2539 | D:4      | Reached XP level 6. HP: 48/51 MP: 5/5
  2810 | D:4      | Reached skill level 9 in Long Blades
  3127 | D:4      | Reached XP level 7. HP: 55/57 MP: 6/6
  3461 | D:4      | Reached skill level 10 in Long Blades
  3466 | D:4      | Reached ** piety under Makhleb
  3633 | D:4      | Found a snail-covered altar of Cheibriados.
  3694 | D:5      | Entered Level 5 of the Dungeon
  3807 | D:5      | Reached skill level 11 in Long Blades
  3811 | D:5      | Found a glowing silver altar of Zin.
  3821 | D:5      | Reached XP level 8. HP: 50/64 MP: 7/7
  3902 | D:5      | Noticed Sigmund
  3994 | D:6      | Reached skill level 12 in Long Blades
  4024 | D:6      | Noticed Pikel
  4047 | D:6      | Killed Pikel
  4047 | D:6      | Reached skill level 13 in Long Blades
  4078 | D:5      | Killed Sigmund
  4094 | D:5      | Gained mutation: Your mind is acute. (Int +2) [potion of
                  | mutation]
  4094 | D:5      | Gained mutation: You are agile. (Dex +2) [potion of
                  | mutation]
  4094 | D:5      | Gained mutation: You are very agile. (Dex +4) [potion of
                  | mutation]
  4151 | D:5      | Noticed a +0 dagger
  4152 | D:5      | Noticed a +0 dagger
  4157 | D:5      | Found a hide-covered altar of Uskayaw.
  4356 | D:5      | Reached XP level 9. HP: 68/70 MP: 8/8
  4401 | D:5      | Found a runed translucent door.
  4402 | D:5      | Noticed Crazy Yiuf
  4646 | D:5      | Killed Crazy Yiuf
  4834 | D:6      | Found a blossoming altar of Fedhas.
  4846 | D:6      | Reached *** piety under Makhleb
  4846 | D:6      | Reached skill level 14 in Long Blades
  5216 | D:7      | Found a staircase to the Ecumenical Temple.
  5254 | D:7      | Noticed Joseph
  5296 | D:7      | Killed Joseph
  5296 | D:7      | Reached skill level 5 in Fighting
  5296 | D:7      | Reached skill level 5 in Armour
  5323 | D:7      | Found a glowing golden altar of the Shining One.
  5443 | D:7      | Noticed Harold
  5453 | D:7      | Killed Harold
  5619 | D:7      | Found a white marble altar of Elyvilon.
  5686 | D:7      | Found a shadowy altar of Dithmenos.
  5780 | D:8      | Reached XP level 10. HP: 86/86 MP: 9/9
  6047 | D:8      | Noticed Prince Ribbit
  6200 | D:8      | Found a sparkling altar of Nemelex Xobeh.
  6200 | D:8      | Found a basalt altar of Yredelemnul.
  6261 | D:8      | Killed Prince Ribbit
  6261 | D:8      | Reached **** piety under Makhleb
  6469 | D:8      | Noticed a two-headed ogre
  6478 | D:8      | Killed a two-headed ogre
  7001 | D:9      | Found a staircase to the Lair.
  7025 | Lair:1   | Entered Level 1 of the Lair of Beasts
  7031 | Lair:1   | Reached skill level 1 in Invocations
  7043 | Lair:1   | Noticed an oklob plant
  7166 | Lair:1   | Reached skill level 5 in Shields
  7405 | Lair:1   | Noticed a black mamba
  7415 | Lair:1   | Killed a black mamba
  7717 | Lair:2   | Reached XP level 11. HP: 84/97 MP: 11/13
  7729 | Lair:2   | Noticed a death yak
  7729 | Lair:2   | Noticed a death yak
  7734 | Lair:2   | Killed a death yak
  7736 | Lair:2   | Noticed a death yak
  7739 | Lair:2   | Killed a death yak
  7744 | Lair:2   | Killed a death yak
  7744 | Lair:2   | Reached skill level 5 in Invocations
  7999 | Lair:2   | Noticed a dire elephant
  8023 | Lair:2   | Killed a dire elephant
  8143 | Lair:1   | Reached skill level 10 in Shields
  8392 | Lair:2   | Reached skill level 1 in Evocations
  8418 | Lair:2   | Reached XP level 12. HP: 105/105 MP: 17/17
  8430 | Lair:2   | Reached ***** piety under Makhleb
  8496 | Lair:2   | Noticed Urug
  8526 | Lair:2   | Killed Urug
  8655 | Lair:2   | Found a staircase to the Snake Pit.
  8990 | Lair:3   | Reached skill level 5 in Evocations
  9221 | Lair:3   | Reached skill level 10 in Invocations
  9524 | Lair:3   | Noticed a four-headed hydra
  9536 | Lair:3   | Killed a ten-headed hydra
 10238 | Lair:4   | Found a staircase to the Swamp.
 10471 | Lair:4   | Reached XP level 13. HP: 50/111 MP: 20/20
 11782 | Lair:5   | Found a staircase to the Slime Pits.
 11829 | Lair:5   | Reached ****** piety under Makhleb
 13433 | D:10     | Entered Level 10 of the Dungeon
 13508 | D:10     | Reached skill level 10 in Evocations
 13766 | D:10     | Reached XP level 14. HP: 118/118 MP: 22/22
 14214 | D:11     | Noticed Psyche
 14220 | D:11     | Killed Psyche
 15072 | D:12     | Found a staircase to the Orcish Mines.
 15086 | Orc:1    | Entered Level 1 of the Orcish Mines
 15086 | Orc:1    | Found Nuithrutt's Distillery.
 15108 | Orc:1    | Bought 2 potions of haste for 240 gold pieces
 15108 | Orc:1    | Bought a potion of agility for 48 gold pieces
 15108 | Orc:1    | Bought a potion of curing for 36 gold pieces
 15139 | Orc:1    | Reached skill level 10 in Fighting
 15139 | Orc:1    | Reached skill level 10 in Armour
 16757 | Lair:5   | Splashed by an oklob plant's acid

Levels and vault maps discovered:
D:1:      lemuel_arrival_room, layout_loops_cross, chequers_avenue
D:2:      layout_loops_ring, grunt_temple_overflow_order_and_chaos_2,
          bloody_trog, chequers_ecumenical_altar_simple_redux
D:3:      minmay_angry_zag, layout_basic,
          chequers_temple_overflow_statue_of_worship, first_ration,
          roderic_st_hans_cross, grunt_dithmenos_smoke_and_mirrors, uniq_terence
D:4:      layout_loops_corners, kennysheep_mini, minmay_pentomino_pile
D:5:      layout_gridville, dancing_weapons_uskayaw, basic_altar,
          uniq_crazy_yiuf_cottage, uniq_sigmund
D:6:      layout_basic, fedhas_altar_3, uniq_pikel
D:7:      layout_loops_cross, elyvilon_altar_5, nicolae_tso_besieged_by_evil,
          kennysheep_mini_moat, minmay_temple_entry_grid, uniq_joseph,
          uniq_harold
D:8:      layout_layer_cave, gammafunk_temple_overflow_elements,
          uniq_prince_ribbit1
D:9:      layout_roguey, erik_lair_orcish_takeover
D:10:     layout_long_grid
D:11:     layout_loops_ring, uniq_psyche
D:12:     layout_loops_ring, erik_orc_4, grunt_livestock
Lair:1:   dpeg_oklob_gauntlet, layout_gridlike, grunt_megastairs_4
Lair:2:   mu_elephants_graveyard, layout_gridlike, dummy_snake_entry, uniq_urug
Lair:3:   minmay_lair_venomous_thicket, layout_regular_city, beast_lair_carwin_1
Lair:4:   cheibrodos_lair_overgrown_chateau, layout_cave_pods,
          nicolae_swamp_entry_splash_gauntlet, chequers_serial_rivers_marsh
Lair:5:   layout_roguey, nicolae_slime_entry_slimehenge, special_room
          [special_room_bee], serial_bayou_pond_b, infiniplex_staircase_pool,
          grunt_megastairs_2, minmay_lair_oklob_chamber
Orc:1:    layout_caves, serial_shops, shop_statue

Skill      XL: |  1  2  3  4  5  6  7  8  9 10 11 12 13 14 |
---------------+-------------------------------------------+-----
Long Blades    | 3 4 5 6 8 9 11 13 14 | 14.0
Fighting       | 7 9 10 | 10.5
Armour         | 7 9 10 | 10.5
Shields        | 6 10 | 10.1
Invocations    | 4 8 11 13 | 13.5
Evocations     | 2 7 10 | 10.6

Action                   |  1- 3 |  4- 6 |  7- 9 | 10-12 | 13-15 || total
-------------------------+-------+-------+-------+-------+-------++-------
Melee: Long sword        |    71 |   185 |   124 |       |       ||   380
       Headbutt          |     9 |    30 |    65 |   132 |   220 ||   456
       Scimitar          |       |       |   215 |   506 |   746 ||  1467
Invok: Minor Destruction |       |       |     1 |     1 |     6 ||     8
       Lesser Servant of |       |       |       |     3 |     3 ||     6
       Major Destruction |       |       |       |     2 |     1 ||     3
Evoke: Wand              |       |       |     1 |     3 |     6 ||    10
  Use: Scroll            |     5 |     3 |    11 |     6 |     4 ||    29
       Potion            |     6 |     5 |     2 |     3 |       ||    16
 Stab: Distracted        |       |       |       |     1 |       ||     1
  Eat: Chunk             |       |     4 |     9 |     9 |    15 ||    37
       Ration            |       |     1 |       |     2 |     2 ||     5
Armor: Scale mail        |     4 |       |       |       |       ||     4
       Plate armour      |    29 |    82 |   156 |   223 |   346 ||   836
Dodge: Dodged            |    12 |    20 |    32 |    68 |   153 ||   285
Block: Shield            |    35 |    75 |   121 |   210 |   553 ||   994
       Rpst.: Long sword |       |     5 |     1 |       |       ||     6
       Scimitar          |       |       |     7 |    23 |    32 ||    62
